Cogmind - Beta 13 @@@ ROGUE MODE // 2024.04.02 @ 21:57:00 Player: emory Result: Destroyed by 51-6NG(R) with Subdweller Shrapnel Launcher Performance ------------- Evolutions (0) 0 Regions Visited (2) 400 Robots Destroyed (15) 75 Value Destroyed (342) 342 Prototype IDs (0) 0 Alien Tech Used (0) 0 Bonus (0) 0 TOTAL SCORE: 817 Bonus ------- None Cogmind --------- Core Integrity 0/250 Matter 158/300 Energy 54/100 System Corruption 0% Temperature Hot (299) Movement Core (200) Ox3 Location -10/Subcaves Parts ------- > --- POWER (1) -------- (None) > --- PROPULSION (2) --- (None) > --- UTILITY (2) ------ Medium Storage Unit > --- WEAPON (2) ------- Light Assault Rifle > --- INVENTORY (10) --- Terrain Scanner Seismic Detector Scrap Shield Scrap Shield Fragment (49) Peak State ------------ > --- POWER ------------ Light Ion Engine > --- PROPULSION ------- Aluminum Leg Aluminum Leg > --- UTILITY ---------- Medium Storage Unit Terrain Scanner > --- WEAPON ----------- Assault Rifle Light Assault Rifle > --- INVENTORY -------- Seismic Detector Scrap Shield EM Pulse Gun Light Assault Rifle [Rating: 7] Favorites ----------- Power Light Ion Engine Engine Light Ion Engine Propulsion Aluminum Leg Leg Aluminum Leg Utility Medium Storage Unit Device Terrain Scanner Storage Medium Storage Unit Weapon Light Assault Rifle Energy Gun EM Pulse Gun Ballistic Gun Light Assault Rifle Launcher Grenade Launcher Build | -11 -10 -10 ------- Run | Yrd Mat Sub Slots Evolved . | . . . Power . | . . . Propulsion . | . . . Utility . | . . . Weapon . | . . . Parts Attached 11 | 3 4 4 Power 2 | 1 . 1 Engine 2 | 1 . 1 Core . | . . . Reactor . | . . . Propulsion 2 | 2 . . Treads . | . . . Leg 2 | 2 . . Wheel . | . . . Hover . | . . . Flight . | . . . Utility 2 | . 1 1 Device 1 | . . 1 Storage 1 | . 1 . Processor . | . . . Hackware . | . . . Protection . | . . . Artifact . | . . . Weapon 5 | . 3 2 Energy Gun 1 | . . 1 Energy Cannon . | . . . Ballistic Gun 3 | . 2 1 Ballistic Cannon . | . . . Launcher 1 | . 1 . Special Weapon . | . . . Impact Weapon . | . . . Slashing Weapon . | . . . Piercing Weapon . | . . . Special Melee Weapon . | . . . Unidentified Prototypes . | . . . Parts Lost 8 | . 2 6 Power 2 | . 1 1 Propulsion 2 | . . 2 Utility . | . . . Weapon 4 | . 1 3 Highest Loss Streak 4 | . 2 4 To Critical Strikes 1 | . . 1 Average Slot Usage (%) 78 | . 71 83 Engine 8 | . 9 7 Leg 23 | . 28 20 Device 7 | . . 13 Storage 12 | . 11 14 Ballistic Gun 21 | . 14 26 Launcher 3 | . 7 . Naked Turns . | . . . Heaviest Build 17 | 3 17 17 Greatest Support 20 | 20 20 20 Greatest Overweight (x) 1 | . . 1 Average Overweight (x) . | . . . Largest Inventory Capacity 10 | 5 10 10 Average Capacity 8 | 5 9 10 Most Carried 7 | 4 5 7 Average Carried 3 | 2 2 5 Final Capacity 10 | 5 10 10 Final Carried 5 | 4 5 5 Class Distribution -------------------- 100% | Mutant Dominant Class ---------------- Mutant | -10/Materials Mutant | -10/Subcaves Resources | -11 -10 -10 ----------- Run | Yrd Mat Sub Matter Collected 265 | 203 60 2 Remotely . | . . . Salvage Created 384 | . 233 151 Parts 39 | . 25 14 Haulers Intercepted . | . . . Recyclers Shooed . | . . . Parts Field Recycled . | . . . Retrieved Matter . | . . . Parts Self-Destructed 5 | . . 5 Prevented . | . . . Kills | -11 -10 -10 ------- Run | Yrd Mat Sub Combat Hostiles Destroyed 11 | . 7 4 Guns 8 | . 4 4 AOE 3 | . 3 . Classes Destroyed 7 | . 6 1 Builder 1 | . 1 . Tunneler 1 | . 1 . Recycler 1 | . 1 . Mechanic 1 | . 1 . Swarmer 5 | . 5 . Grunt 2 | . 2 . Subdweller 4 | . . 4 Best Kill Streak 11 | . 11 3 Combat Bots Only 7 | . 7 3 Max Kills in Single Turn 5 | . 5 2 Gunslinging 1 | . . 1 Exploded 3 | . 3 . Melee . | . . . Uniques/NPCs Destroyed . | . . . Combat | -11 -10 -10 -------- Run | Yrd Mat Sub Hostile Shots Fired 90 | . 62 28 Missed 30 | . 23 7 Damage Taken 863 | . 373 490 Core 261 | . 36 225 Absorbed by Shields . | . . . Core Remaining (%) 100 | 100 . . Volleys Fired 36 | . 9 27 Largest 2 | . 2 2 Hottest 60 | . 50 60 Shots Fired 68 | . 15 53 Gun 66 | . 13 53 Cannon . | . . . Launcher 2 | . 2 . Special . | . . . Kinetic 63 | . 13 50 Thermal . | . . . Explosive 2 | . 2 . Electromagnetic 3 | . . 3 Robot Hit Streak 10 | . 5 10 Robot Miss Streak 2 | . 1 2 Penetration Max . | . . . Secondary Targets 2 | . . 2 Max Gunslinging Chain 1 | . . 1 Shots Hit Robots 45 | . 8 37 Core Hits 26 | . 14 12 Critical Kills . | . . . Critical Parts Destroyed . | . . . Critical Strikes . | . . . Melee Attacks . | . . . Impact . | . . . Slashing . | . . . Piercing . | . . . Sneak Attacks . | . . . Combat Hostiles . | . . . Follow-up Attacks . | . . . Damage Inflicted 985 | . 637 348 Guns 431 | . 83 348 Cannons . | . . . Explosions 554 | . 554 . Melee . | . . . Ramming . | . . . Kinetic 409 | . 83 326 Thermal . | . . . Explosive 554 | . 554 . Electromagnetic 22 | . . 22 Impact . | . . . Slashing . | . . . Piercing . | . . . Highest Corruption . | . . . Average Corruption . | . . . Corruption Purged . | . . . Corruption Blocked . | . . . Overload Shots . | . . . Overflow Damage 13 | . 13 . Projectiles . | . . . Explosions 13 | . 13 . Melee . | . . . Knockbacks . | . . . Impact . | . . . Kinetic . | . . . Secondary . | . . . Self-Inflicted Damage 42 | . 42 . Shots 2 | . 2 . Rammed . | . . . Targets Rammed . | . . . Kicked . | . . . Crushed . | . . . Highest Temperature 621 | . 11 621 Average Temperature 270 | . 5 382 Received Heat Transfer 979 | . 48 931 Effects 3 | . . 3 Damage (minor) 3 | . . 3 Siege Activations . | . . . Robots Corrupted . | . . . Combat Hostiles . | . . . Parts Fried . | . . . Impact Corruptions . | . . . Robots Melted . | . . . Combat Hostiles . | . . . Parts Melted 1 | . . 1 Heat Transferred . | . . . Parts Sabotaged . | . . . Parts Stolen . | . . . Parts Stripped . | . . . Power Chain Reactions . | . . . Alert | -11 -10 -10 ------- Run | Yrd Mat Sub Peak Influence 234 | . 234 . Initial . | . . . Average 35 | . 49 . Maximum Alert Level 1 | . 1 . Low Security (%) 87 | 100 82 . Level 1 12 | . 17 . Level 2 . | . . . Level 3 . | . . . Level 4 . | . . . Level 5 . | . . . High Security . | . . . Max Security . | . . . Squads Dispatched . | . . . Investigation . | . . . Extermination . | . . . Reinforcement . | . . . Assault . | . . . Garrison . | . . . Intercept . | . . . Searches Triggered . | . . . Construction Impeded . | . . . Haulers Reinforced . | . . . Active Scanning Responses . | . . . Cargo Convoy Interrupts . | . . . Stealth | -11 -10 -10 --------- Run | Yrd Mat Sub Distress Signals 1 | . 1 . Communications Jammed . | . . . Distress Signals . | . . . Times Spotted 20 | . 10 10 Peak Tracking Total 9 | . 9 5 Tactical Retreats . | . . . Traps | -11 -10 -10 ------- Run | Yrd Mat Sub Traps Triggered . | . . . Indirectly . | . . . Trap Hack Attempts . | . . . Triggered . | . . . Disarmed . | . . . Reprogrammed . | . . . Reused . | . . . Traps Extracted . | . . . Installed . | . . . Triggered . | . . . Machines | -11 -10 -10 ---------- Run | Yrd Mat Sub Machines Disabled 2 | . 2 . Max in Single Turn 2 | . 2 . Machines Repaired . | . . . Machines Dismantled . | . . . Machines Sabotaged . | . . . Overloaded Fab Kills . | . . . Hacking | -11 -10 -10 --------- Run | Yrd Mat Sub Machines Accessed . | . . . Terminals . | . . . Fabricators . | . . . Repair Stations . | . . . Recycling Units . | . . . Scanalyzers . | . . . Garrison Access . | . . . Total Hacks . | . . . Successful . | . . . Failed . | . . . Catastrophic . | . . . Database Lockouts . | . . . Manual . | . . . Terminals . | . . . Fabricators . | . . . Repair Stations . | . . . Recycling Units . | . . . Scanalyzers . | . . . Garrison Access . | . . . Terminal Hacks . | . . . Fabricator Hacks . | . . . Repair Station Hacks . | . . . Recycling Unit Hacks . | . . . Scanalyzer . | . . . Garrison Access Hacks . | . . . Unauthorized Hacks . | . . . Terminals . | . . . Fabricators . | . . . Repair Stations . | . . . Recycling Units . | . . . Scanalyzers . | . . . Garrison Access . | . . . Data Cores Recovered . | . . . Used . | . . . Hacking Detections . | . . . Full Trace Events . | . . . Feedback Events . | . . . Feedback Blocked . | . . . Robot Schematics Acquired . | . . . Robots Built . | . . . Authchips . | . . . Time . | . . . Total Robot Build Rating . | . . . Part Schematics Acquired . | . . . Parts Built . | . . . Authchips . | . . . Time . | . . . Total Part Build Rating . | . . . Parts Repaired . | . . . Time . | . . . Parts Recycled . | . . . Recycled Matter . | . . . Retrieved Matter . | . . . Retrieved Components . | . . . Parts Scanalyzed . | . . . Part Schematics Acquired . | . . . Parts Damaged . | . . . Bothacking | -11 -10 -10 ------------ Run | Yrd Mat Sub Used RIF Installer . | . . . Robots Hacked . | . . . Non-combat . | . . . Combat . | . . . Robot Hacks Applied . | . . . Relay Couplers Released . | . . . Fabnet Peak Effective % . | . . . Robots Rewired . | . . . Allies Hacked . | . . . Hacks Repelled . | . . . Allies | -11 -10 -10 -------- Run | Yrd Mat Sub Total Allies . | . . . Largest Group . | . . . Highest-Rated Group . | . . . Highest-Rated Ally . | . . . Total Orders . | . . . Ally Attacks . | . . . Total Damage . | . . . Kills . | . . . Allies Corrupted . | . . . Allies Melted 1 | . . 1 Intel | -11 -10 -10 ------- Run | Yrd Mat Sub Robot Analysis Total . | . . . Derelict Logs Recovered . | . . . Drone Launches . | . . . Drone Recoveries . | . . . Exploration | -11 -10 -10 ------------- Run | Yrd Mat Sub Turns Passed 401 | 62 157 182 Spaces Moved 233 | 50 104 79 Core 11 | 11 . . Treads . | . . . Legs 222 | 39 104 79 Wheels . | . . . Hover . | . . . Flight . | . . . Fastest Speed 50 | 50 120 120 Average Speed 118 | 104 120 126 Slowest Speed 190 | 120 120 190 Overloaded Moves . | . . . Propulsion Burnouts . | . . . Robots Hopped . | . . . Cave-ins Triggered . | . . . Exploration Rate (%) 8 | 5 11 10 Regions Visited 2 Branch Regions 1 Pre-discovered Areas . | . . . Known Exits Taken . | . . . Unknown Exits Taken 2 | 1 1 . Scrap Searched . | . . . Spaces Dug . | . . . Terrain Destroyed 37 | . 37 . Melee . | . . . Projectile . | . . . AOE 37 | . 37 . Terrain Rammed . | . . . Walls Destroyed . | . . . Machines Disabled . | . . . Actions | -11 -10 -10 --------- Run | Yrd Mat Sub Total 296 | 59 123 114 Wait 1 | . . 1 Move 231 | 49 103 79 Hop . | . . . Pick Up 15 | 7 6 2 Fast Attach . | . . . Attach 11 | 3 4 4 Detach 1 | . . 1 Swap . | . . . Drop 1 | . 1 . Fire 36 | . 9 27 Melee . | . . . Ram . | . . . Kick . | . . . Crush . | . . . Escape Stasis . | . . . Rewire . | . . . Trap . | . . . Miscellaneous . | . . . Route ------- -11/Scrapyard -10/Materials -10/Subcaves History --------- Turn | Location | Event 9 | -11/Scrapyard | Discovered new exit (range 15) 63 | -11/Scrapyard | Entered Materials 178 | -10/Materials | Discovered new exit (range 3) 215 | -10/Materials | Destroyed 7 combat bots 220 | -10/Materials | Entered Subcaves 283 | -10/Subcaves | Shifting Twisted Machinery released Piercing Trap 298 | -10/Subcaves | Shifting Twisted Machinery released Sub. Power Source 300 | -10/Subcaves | A swath of the cavern ceiling suddenly collapsed 303 | -10/Subcaves | Ambushed by swarm of Subdwellers 305 | -10/Subcaves | Build established: Mutant 345 | -10/Subcaves | Lost 3 allies 382 | -10/Subcaves | Core integrity fell below 50% 390 | -10/Subcaves | Core integrity fell below 20% 402 | -10/Subcaves | Destroyed by 51-6NG(R) with Subdweller Shrapnel Launcher Last Messages --------------- Switching to secondary target: 3G-T8M(R). Sub. Optics melted. 3G-T8M(R) destroyed. 80-E3H(R) destroyed. Acquired Scrap Shield Fragment. YR-8D1(R) affixes Scrap Shield Fragment to Scrap Shield. Critical hit (Meltdown: +250). Aluminum Leg destroyed. Critical hit (Meltdown: +270). 51-6NG(R) affixes Scrap Shield Fragment to Scrap Shield. Assault Rifle destroyed. Critical hit (Meltdown: +300). Overheating: Med. Storage Unit damaged (-71). Lgt. Assault Rifle destroyed. 51-6NG(R) affixes Scrap Shield Fragment to Scrap Shield. Overheating: Lgt. Assault Rifle damaged (-42). YR-8D1(R) destroyed. Switching to secondary target: 51-6NG(R). Overheating: EM Pulse Gun damaged (-3). EM Pulse Gun destroyed. Map ----- +----------------------------------------------------+ | ?????????????????????????????????????????????????? | | ?????????????????????????????????????????????????? | | ?????????????????????????????????????????????????? | | ?????????????????????????????????????????????????? | | ?????????????????????????????????????????????????? | | ?????????????????????????????????????????????????? | | ?????????????????????????????????????????????????? | | ?????????????????????????????????????????????????? | | ?????????????????????????????????????????????????? | | ?????????????????????????????????????????????????? | | ?????????????????????????????????????????????????? | | ?????????????????????????????????????????????????? | | ?????????????????????????????????????????????????? | | ??????????????????????#??????????????????????????? | | ?????????????????????????????????????????????????? | | ???????????????????#??????#?#?##? ???????????????? | | ????????????????#????????????????????????????????? | | ??????????????#????#??#??????????"???????????????? | | ?????????????????????????????#???""#?????????????? | | ???????????????#????????????????"""?????###??????? | | ???????????????#?????#??#??????#"* ?### # #??????? | | ???????????####??????#?#???????# ###### #??????? | | ??????????## ??????###########;# ???????? | | ??????????# ????## ;; # ## ?????????? | | ???????????# ?###;;;;;*== # # ???????????? | | ???????????# # @[%*!! ##? ??????????? | | ???????????# % =!%!%;%* ;####??????????? | | ?????? % &*%%*]*%[ ; ##?????????? | | ?????? ; ; ;!R""""" ###???????? | | ?????????##;; "&"""""""" ##??????? | | ????????????;; ;# ! """" #??????? | | ??????????#?##;;; ?# # ## ## ## #??????? | | ?????????????####??############### #####??????? | | ?????????????????????#?????#??##?# ##??????????? | | ?????????????????????#??????????## #???????????? | | ???????????????????#?#??????#?### ##??????#????? | | ?????????????????????????#?##??# #????????????? | | ?????????????????????????#?????# #????????????? | | ??????????????#????????????????## #??#?????????? | | ???????????????????????????#????# ##????????????? | | ???????????????????????#????????# ##????????????? | | ????????????????????????????????# ##???????????? | | ??????????????????????????????### ##??????????? | | ?????????????????????????#????## ##??#??????? | | ??????????????????????????????# #?????????? | | ??????????????????????????????## #?????????? | | ????????????????????????#??#???# ##?????????? | | ???????????????????????????????# ##?????????? | | ??????????????????????????????## # #?????????? | | ?????????????????????????###??# # ##??#??????? | +----------------------------------------------------+ Best States ------------- Heat Dissipation 25 Energy Generation 10 Energy Capacity 125 Matter Stores 273 Matter Capacity 300 Sight Range 16 Terrain Scan Range 14 Terrain Scan Density 10 Evasion (%) 55 Item Schematics ----------------- None Robot Schematics ------------------ None Fabricated ------------ Nothing Alien Tech Used ----------------- None Achievements -------------- None Challenges ------------ None Game ------ Seed ScrapRainbowCleaver Manual? 0 Play Time 00:12:02 Cumulative 1.6 hours Start 2024.04.02 @ 21:38:00 End 2024.04.02 @ 21:57:00 Sessions 1 Manual Loads 0 Difficulty Rogue Special Mode None Game No. 4 Rogue 4 Adventurer 0 Explorer 0 Win Type - Total 0 Types 0/0/0/0/0/0/0/0/0 Lore% 1 Gallery% 2 Achievement% 2 Wizard Run 0 Options --------- Layout 0 ASCII 1 Keyboard 0 Movement Mouse Keybinds 0 Fullscreen 1 Font 12/Smallcaps Map View 76x50 Zoom Use 0% Tactical HUD 0 Map Filters NONE Filters NONE Steam SD RUN: 9a3e0b8c-b0d9-4033-bb62-2ed0422c0a4a